 Dungeon Crawl Stone Soup version 0.29.0-7-g18a832c13a (webtiles) character file.

Game seed: 3810892185224825975

1 ImASeal the Firebug (level 1, -2/14 HPs)
             Began as a Meteoran Wanderer on Aug 31, 2022.
             Slain by a hobgoblin (5 damage)
             ... on level 1 of the Dungeon.
             The game lasted 00:01:41 (73 turns).

ImASeal the Firebug (Meteoran Wanderer)               Turns: 73, Time: 00:01:42

Health: -2/14      AC:  2    Str: 11    XL:     1   Next: 28%
Magic:  2/4        EV: 12    Int: 13    God:
Gold:   11         SH:  4    Dex: 15    Spells: 2/3 levels left

rFire   . . .      SeeInvis .   a - +0 dagger
rCold   . . .      Faith    .   d - +0 buckler
rNeg    . . .      Spirit   .   c - +0 robe
rPois   .          Reflect  .   (no helmet)
rElec   .          Harm     .   (no cloak)
rCorr   .          Rampage  .   (no gloves)
Will    .....                   (no boots)
Stlth   +.........              (no amulet)
HPRegen 0.04/turn               (no ring)
MPRegen 0.09/turn               (no ring)

@: glowing
A: sense surroundings 1, otherworldly, glowing, explore regen
a: no special abilities


You were on level 1 of the Dungeon.
You visited 1 branch of the dungeon, and saw 1 of its levels.

You collected 11 gold pieces.

Inventory:

Hand Weapons
 a - a +0 dagger (weapon)
Armour
 c - a +0 robe (worn)
 d - a +0 buckler (worn)
Scrolls
 b - a scroll of vulnerability


   Skills:
 + Level 1.2 Armour
 + Level 2.4 Dodging
 + Level 2.4 Shields
 + Level 1.6 Spellcasting
 + Level 1.2 Summonings
 + Level 2.4 Fire Magic
 + Level 1.2 Evocations


You had 2 spell levels left.
You knew the following spells:

 Your Spells              Type           Power      Damage    Failure   Level
a - Foxfire               Conj/Fire      16%        2x1d4     22%         1

Your spell library contained the following spells:

 Spells                   Type           Power      Damage    Failure   Level
 Summon Small Mammal      Summ           16%        N/A       22%         1
 Inner Flame              Hex/Fire       4%         N/A       54%         3
 Ignite Poison            Fire/Tmut/Pois 3%         N/A       58%         3
 Summon Guardian Golem    Hex/Summ       2%         N/A       63%         3


Dungeon Overview and Level Annotations

Branches:
Dungeon (1/15) Zot: 526

Altars:


Innate Abilities, Weirdness & Mutations

You passively map a small area around you.
You are easily found by Zot.
You glow in the dark.
You regain HP and MP as you explore.


Message History

Found a scroll labelled BOTOTARUTI.
Casting: Foxfire (safe; 22% risk of failure)
Confirm with . or Enter, or press ? or * to list all spells.
You conjure some foxfire!
The hobgoblin closely misses you. The giant cockroach misses you.
The foxfire hits the giant cockroach but does no damage.
The foxfire hits the giant cockroach.
The giant cockroach is heavily wounded.
Casting: Foxfire (safe; 22% risk of failure)
Confirm with . or Enter, or press ? or * to list all spells.
You conjure some foxfire!
The giant cockroach bites you but does no damage.
The hobgoblin closely misses you.
Your foxfire dissipates!
The foxfire hits the giant cockroach but does no damage.
The giant cockroach is heavily wounded.
The hobgoblin barely misses you.
Casting: Foxfire (safe; 22% risk of failure)
Confirm with . or Enter, or press ? or * to list all spells.
You conjure some foxfire!
The giant cockroach bites you. The hobgoblin hits you.
Your foxfire dissipates!
The foxfire hits the giant cockroach.
The giant cockroach is severely wounded.
The giant cockroach misses you.
Casting: Foxfire (safe; 22% risk of failure)
Confirm with . or Enter, or press ? or * to list all spells.
You conjure some foxfire!
The hobgoblin hits you.
* * * LOW HITPOINT WARNING * * *
The giant cockroach barely misses you. The hobgoblin attacks as you move away!
The hobgoblin barely misses you.
The foxfire hits the giant cockroach.
You kill the giant cockroach!
The foxfire hits the hobgoblin.
The hobgoblin is moderately wounded.
The hobgoblin attacks as you move away! The hobgoblin hits you.
* * * LOW HITPOINT WARNING * * *
The hobgoblin attacks as you move away! You block the hobgoblin's attack.
The hobgoblin attacks as you move away! The hobgoblin hits you.
You die...

* ?.....................##
#.................... , *
#.#..#.#............. *
#..#.#..###..#...# ,
*,#..#.#..# #..#...#*..# *
#....#..###......##..# .##
,#..#.#...............#
.....#.##.#.####.##.......
#.......g@.# #.##......##
#.#.#.##.######.##...##...
......................... ,
,..#######...###.##.#......
, ##.* #....##...........
#,* * ....#####.####... ,
................. , ,,
###.....#.####... ** ,
#..##.#.####...


You could see a hobgoblin.

Vanquished Creatures
  A giant cockroach (D:1)
1 creature vanquished.

Vanquished Creatures (others)
  8 foxfires (D:1)
8 creatures vanquished.

Grand Total: 9 creatures vanquished

Notes
Turn   | Place    | Note
-------+----------+-------------------------------------------
     0 | D:1      | ImASeal the Meteoran Wanderer began the quest for the Orb.
     0 | D:1      | ImASeal set off with the following items: a +0 dagger, a
                  | scroll of vulnerability, a +0 robe, a +0 buckler; and the
                  | following spells available to memorise: Foxfire, Summon
                  | Small Mammal, Inner Flame, Ignite Poison, Summon Guardian
                  | Golem.
     0 | D:1      | Reached XP level 1. HP: 14/14 MP: 3/3
     2 | D:1      | Learned a level 1 spell: Foxfire
    73 | D:1      | Slain by a hobgoblin

Illustrated notes

Levels and vault maps discovered:
D:1:      dpeg_arrival_ratfight, layout_basic, serial_shops,
          nicolae_diamond_shop

Action                   || total
-------------------------++-------
Melee: Dagger            ||     4
 Cast: Foxfire           ||     6
Armor: Robe              ||     1
Dodge: Dodged            ||    10
Block: Buckler           ||     2
